 Dungeon Crawl Stone Soup version 0.27-a0-1590-g15f69828bf (webtiles) character file.

Game seed: 8290161829286608617

52 Anon1729 the Sneak (level 4, 0/37 HPs)
             Began as a Formicid Delver on July 18, 2021.
             Slain by a giant cockroach (1 damage)
             ... on level 2 of the Dungeon.
             The game lasted 00:01:51 (2173 turns).

Anon1729 the Sneak (Formicid Delver)                Turns: 2173, Time: 00:01:51

Health: 0/37       AC:  3    Str: 18    XL:     4   Next: 8%
Magic:  0/4        EV: 12    Int:  9    God:
Gold:   55         SH:  0    Dex: 12    Spells: 3/3 levels left

rFire    . . .     SeeInvis +   a - +0 hand axe
rCold    + . .     Faith    .   (no shield)
rNeg     . . .     Spirit   +   b - +0 leather armour
rPois    .         Reflect  .   (helmet unavailable)
rElec    .         Harm     .   (no cloak)
rCorr    .         Rampage  .   (no gloves)
Will     .....                  (no boots)
Stlth    +++.......             h - amulet of guardian spirit
HPRegen  0.12/turn              i - ring of protection from cold
MPRegen  0.09/turn              (no ring)

@: no status effects
A: permanent stasis, dig shafts and tunnels, antennae 3, four strong arms
a: Dig, Shaft Self


You were on level 2 of the Dungeon.
You visited 1 branch of the dungeon, and saw 5 of its levels.

You collected 55 gold pieces.

Inventory:

Hand Weapons
 a - a +0 hand axe (weapon)
Armour
 b - a +0 leather armour (worn)
Jewellery
 h - an amulet of guardian spirit (around neck)
 i - a ring of protection from cold (left hand)
Wands
 f - a wand of digging (3)
 m - a wand of polymorph (5)
Scrolls
 c - a scroll of fog
 d - a scroll of magic mapping
 e - a scroll of fear
 j - a scroll of brand weapon {unknown}
 k - a scroll of teleportation {unknown}
 l - a scroll of identify {unknown}
Potions
 g - 2 potions of brilliance {unknown}
 n - a potion of heal wounds {unknown}


   Skills:
 + Level 3.8 Fighting
 + Level 2.5 Axes
 + Level 2.3 Dodging
 + Level 6.5 Stealth


You had 3 spell levels left.
You didn't know any spells.
Your spell library contained the following spells:

 Spells                   Type           Power      Damage    Failure   Level
 Shock                    Conj/Air       0%         1d3       43%         1
 Tukima's Dance           Hex            0%         N/A       82%         3
 Passage of Golubria      Tloc           N/A        N/A       99%         4
 Summon Forest            Summ/Tloc      0%         N/A       100%        5
 Summon Mana Viper        Hex/Summ       0%         N/A       100%        5
 Yara's Violent Unravell  Hex/Tmut       0%         3d3       100%        5
 Shadow Creatures         Summ           N/A        N/A       100%        6


Dungeon Overview and Level Annotations

Branches:
Dungeon (5/15)
 Temple: D:4-7

Altars:
Qazlal

Shops:
D:2 [((


Innate Abilities, Weirdness & Mutations

You cannot be hasted, slowed, berserked, paralysed or teleported.
You can dig through walls and to a lower floor.
You have a pair of large antennae on your head. (SInv)
Your four strong arms can wield two-handed weapons with a shield.


Message History

* * * LOW HITPOINT WARNING * * *
You are poisoned.
The adder poisons you!
You hit the adder.
The adder is heavily wounded.
* * * LOW HITPOINT WARNING * * *
You feel sick. The adder closely misses you.
You hit the adder.
The adder is severely wounded.
* * * LOW HITPOINT WARNING * * *
You feel sick. The adder closely misses you. The adder barely misses you.
You hit the adder.
The adder is almost dead.
* * * LOW HITPOINT WARNING * * *
You feel sick. The adder closely misses you.
You miss the adder.
The adder is almost dead.
* * * LOW HITPOINT WARNING * * *
You feel sick.
You are no longer poisoned.
The adder closely misses you. The adder bites you but does no damage.
You closely miss the adder.
The adder is almost dead.
The adder misses you.
You hit the adder but do no damage.
The adder is almost dead.
The adder bites you.
* * * LOW HITPOINT WARNING * * *
The quokka twitches its whiskers.
You closely miss the adder.
The adder is almost dead.
The adder closely misses you. The adder barely misses you.
You closely miss the adder.
The adder is almost dead.
The adder bites you but does no damage. The adder bites you.
You hit the adder.
You kill the adder!
The giant cockroach waves its antennae.
The giant cockroach bites you.
You die...

#.....?.# #.......#
###+#.......+
#...........#
#...........#
#.......###...
#........... .
#####...#...........
#..@Br..#...........
#.###...........#...
#.###...#.....###...
#...'......##.......
#####......#........
#......#.......#
####...#........
#...##......#
#...##.......


You could see a quokka and a giant cockroach.

Vanquished Creatures
  2 adders (D:2)
  A worm (D:2)
  A dart slug (D:1)
  An orc (D:4)
  4 ball pythons (D:1)
  3 endoplasms
  A giant cockroach (D:2)
  4 hobgoblins (D:1)
  4 jackals
  3 bats (D:1)
  3 frilled lizards
  3 goblins (D:1)
  3 kobolds (D:1)
  5 rats
38 creatures vanquished.

Notes
Turn   | Place    | Note
-------+----------+-------------------------------------------
     0 | D:5      | Anon1729 the Formicid Delver began the quest for the Orb.
     0 | D:5      | Reached XP level 1. HP: 18/18 MP: 1/1
     0 | D:5      | Noticed a lemure
     5 | D:5      | Identified the +1 tower shield of the Endless Expanse
                  | {Int+6}
   220 | D:4      | Noticed an orc priest
   220 | D:4      | Noticed an orc wizard
   220 | D:4      | Noticed an orc priest
   711 | D:1      | Reached XP level 2. HP: 24/24 MP: 2/2
   865 | D:1      | Found a faded altar of an unknown god.
   868 | D:1      | Got Plato's Incunabulum of Conjuration
  1222 | D:1      | Reached XP level 3. HP: 29/29 MP: 3/3
  1950 | D:2      | Found Adduqiyrr's Weapon Boutique.
  1965 | D:2      | Found a stormy altar of Qazlal.
  1993 | D:2      | Found Mahisizi's Weapon Emporium.
  2070 | D:2      | Found Onuseus's Antique Armour Emporium.
  2149 | D:2      | Reached XP level 4. HP: 31/37 MP: 2/4
  2168 | D:2      | HP: 1/37 [poisoned by an adder]
  2173 | D:2      | Slain by a giant cockroach

Illustrated notes

Levels and vault maps discovered:
D:1:      dpeg_arrival_rooms_with_view, layout_loops_cross,
          shapermc_ecumenical_altar_rom_forum
D:2:      layout_basic, serial_shops, nicolae_shop_competitors_out_of_business,
          nicolae_shop_waterfront, shop, nicolae_shop_waterfront, shop,
          basic_altar, chequers_decorated_corner
D:3:      layout_rooms, dk_noncrumbling_3, grunt_decor_mini_mirrors,
          minmay_between
D:4:      layout_loops_corners
D:5:      layout_loops_cross, minmay_temple_entry_glass,
          gammafunk_ghost_necromancy, uniq_pikel

Skill      XL: |  1  2 |
---------------+-------+-----
Dodging        | 2 |  2.3
Fighting       | |  3.8
Axes           | |  2.5
Stealth        | |  6.5

Action                   |  1- 3 |  4- 6 || total
-------------------------+-------+-------++-------
Melee: Hand axe          |    96 |    25 ||   121
 Stab: Sleeping          |    11 |       ||    11
Armor: Leather armour    |    28 |     9 ||    37
Dodge: Dodged            |    58 |    16 ||    74

Table legend: (Time is in decaauts)
 A = Elapsed time spent in this place.
 B = Non-inter-level travel time spent in this place.
 C = Inter-level travel time spent in this place.
 D = Time resting spent in this place.
 E = Time spent auto-exploring this place.
 F = Levels seen in this place.
 G = Mean time per level.
                   A        B        C        D        E       F      G
               +--------+--------+--------+--------+--------+-----+--------+
         Total |   2196 |   2167 |     29 |    231 |   1567 |   5 |  439.2 |
       Dungeon |   2196 |   2167 |     29 |    231 |   1567 |   5 |  439.2 |
               +--------+--------+--------+--------+--------+-----+--------+

Top non-repeatable levels by time:
     D:1: 1371 daAuts
     D:2: 559 daAuts
     D:4: 175 daAuts
     D:5: 72 daAuts
     D:3: 18 daAuts
